[Event "Late-Titled-Tuesday-Blitz-October-10-2023"]
[Site "Chess.com"]
[Date "2023.10.10"]
[Round "4"]
[White "SHIVACalypso"]
[Black "nitpicker"]
[Result "1-0"]
[WhiteElo "2451"]
[BlackElo "2267"]
[TimeControl "180+1"]
[EndTime "14:34:54 PDT"]
[Termination "SHIVACalypso won by checkmate"]

1. d4 Nf6 2. c4 e6 3. Nc3 Bb4 4. Qc2 d5 5. Nf3 O-O 6. Bg5 Nbd7 7. e3 b6 8. Bd3 h6 9. Bh4 Bb7 10. O-O Be7 11. Rfe1 c5 12. Rad1 Rc8 13. b3 cxd4 14. Nxd4 Bb4 15. e4 e5 16. Nf5 d4 17. Nd5 Bxd5 18. exd5 Bxe1 19. Rxe1 b5 20. d6 bxc4 21. bxc4 Qa5 22. Ne7+ Kh8 23. f4 Rb8 24. fxe5 Nxe5 25. Rf1 Qc3 26. Rxf6 Qxc2 27. Rxh6+ gxh6 28. Bf6# 1-0

[Event "Late-Titled-Tuesday-Blitz-October-10-2023"]
[Site "Chess.com"]
[Date "2023.10.10"]
[Round "4"]
[White "Baku_Boulevard"]
[Black "kleinebeer98"]
[Result "1-0"]
[WhiteElo "3041"]
[BlackElo "2858"]
[TimeControl "180+1"]
[EndTime "14:34:56 PDT"]
[Termination "Baku_Boulevard won by resignation"]

1. e4 e5 2. Nf3 Nc6 3. Bc4 Nf6 4.
d3 h6 5. Nc3 d6 6. a4 g5 7. h3 Be6 8. Bxe6 fxe6 9. d4 exd4 10.
Nxd4 Qd7 11. Be3 Bg7 12. h4 g4 13. a5 a6 14. Qd2 O-O-O 15. O-O Rhg8 16. b4 g3 17. f3 Nh5 18. b5 Nxd4 19. Bxd4 axb5 20.
a6 b6 21. Rfb1 Bxd4+ 22. Qxd4 Nf4 23. Kf1 e5 24. Qd2 c6 25. Ne2 Rdf8 26. c4 Kb8 27. a7+ Ka8 28. cxb5 c5 29. Nxf4 Rxf4 30. Qd5+ Qb7 31. Qxg8+ 1-0

[Event "Late-Titled-Tuesday-Blitz-October-10-2023"]
[Site "Chess.com"]
[Date "2023.10.10"]
[Round "4"]
[White "miraitrunks"]
[Black "GaiozNigalidze"]
[Result "0-1"]
[WhiteElo "2229"]
[BlackElo "2720"]
[TimeControl "180+1"]
[EndTime "14:35:07 PDT"]
[Termination "GaiozNigalidze won by resignation"]

1. e4 c5 2. Nc3 Nc6 3. Nge2 g6 4. g3 Bg7 5. Bg2 e6 6. O-O Nge7 7. d3 Nd4 8. Nxd4 cxd4 9. Ne2 O-O 10. c3 dxc3 11.
bxc3 d6 12. d4 b6 13. e5 d5 14. Bg5 Ba6 15. Re1 Qc7 16. Rc1 Nc6 17. Qa4 Na5 18. g4 Rac8 19. Ng3 Qc4 20. Qc2 Qd3 21. Qa4 Qb5 22. Qc2 Nc4 23. f4 Qb2 24. Qd1 Na3 25.
Qb3 Qxb3 26. axb3 Nb5 27. Re3 Nxd4 28. Ra1 Nc2 29. Rxa6 Nxe3 30. Rxa7 Rxc3 31. f5 Rc1+ 32. Kf2 Nxg4+ 33. Kf3 Nxe5+ 34. Ke3 Rc3+ 35. Kd2 Rd3+ 36.
Ke2 gxf5 37. Nh5 Rxb3 38. Nf6+ Bxf6 39. Bxf6 Ng4 40. Bd4 e5 41. Bg1 Rb2+ 42. Kf1 Rb1+ 43. Ke2 Rxg1 0-1

[Event "Late-Titled-Tuesday-Blitz-October-10-2023"]
[Site "Chess.com"]
[Date "2023.10.10"]
[Round "4"]
[White "Djager97"]
[Black "Defenstrator"]
[Result "1-0"]
[WhiteElo "2625"]
[BlackElo "2403"]
[TimeControl "180+1"]
[EndTime "14:35:07 PDT"]
[Termination "Djager97 won by resignation"]

1. e4 Nc6 2. d4 d5 3. e5 f6 4. Bb5 fxe5 5. Qh5+ g6 6. Qxe5 Nf6 7. Nf3 Bg7 8. Bxc6+ bxc6 9. Nc3 O-O 10. Qe2 Bg4 11.
Be3 c5 12. O-O-O Kh8 13. h3 Bxf3 14. gxf3 c4 15. Bf4 c6 16. Rhe1 Ne4 17. fxe4 Rxf4 18.
exd5 cxd5 19. Qxe7 Qxe7 20. Rxe7 Rxd4 21. Rxd4 Bxd4 22.
Nxd5 Bxf2 23. Nf6 Be3+ 24. Kb1 1-0

[Event "Late-Titled-Tuesday-Blitz-October-10-2023"]
[Site "Chess.com"]
[Date "2023.10.10"]
[Round "4"]
[White "Ykow"]
[Black "tylityli"]
[Result "1-0"]
[WhiteElo "2511"]
[BlackElo "2347"]
[TimeControl "180+1"]
[EndTime "14:35:08 PDT"]
[Termination "Ykow won on time"]

1. e4 e5 2. Nf3 Nc6 3. Bc4 Nf6 4.
Ng5 d5 5. exd5 Na5 6. d3 h6 7. Nf3 e4 8. dxe4 Nxc4 9. Nc3 Bb4 10. O-O O-O 11. Qd4 Bxc3 12. Qxc4 Ba5 13. Bf4 Bb6 14. Rad1 Bg4 15. e5 Bxf3 16. gxf3 Nh5 17. Bg3 Qg5 18. f4 Qg4 19. Kg2 Rad8 20. b3 Rfe8 21. Rfe1 Qf5 22.
a4 a5 23. Rd3 Kh8 24. Red1 g6 25. d6 cxd6 26. Rxd6 Rxd6 27. Rxd6 Rc8 28. Qd3 Qxd3 29. cxd3 Bc7 30. Rd7 Kg8 31. d4 Ng7 32. d5 Nf5 33. d6 Bd8 34. Rxb7 Kf8 35. f3 Rc2+ 36. Bf2 Rb2 37. Rb8 Ke8 38. Kf1 1-0

[Event "Late-Titled-Tuesday-Blitz-October-10-2023"]
[Site "Chess.com"]
[Date "2023.10.10"]
[Round "4"]
[White "Chesstrainer1"]
[Black "German_Bazeev"]
[Result "0-1"]
[WhiteElo "2469"]
[BlackElo "2804"]
[TimeControl "180+1"]
[EndTime "14:35:10 PDT"]
[Termination "German_Bazeev won by resignation"]

1. e4 g6 2. d4 Bg7 3. Nc3 d6 4. Be3 Nd7 5. h4 h5 6. Qd2 c6 7. Nh3 b5 8. a3 Nb6 9. b3 Bxh3 10. Rxh3 Nf6 11. f3 a5 12. a4 b4 13. Nd1 O-O 14. Bh6 c5 15. dxc5 dxc5 16. Bxg7 Kxg7 17. Ne3 Qxd2+ 18.
Kxd2 Rfd8+ 19. Bd3 c4 20. bxc4 Nfd7 21. Nd5 e6 22.
Nxb6 Nxb6 23. c5 Nd7 24. c6 Ne5 25. c7 Rd7 26. f4 Ng4 27. Ke2 Rxc7 28. e5 Rd8 29.
Rb1 Rd4 30. Rf3 Nh6 31. g3 Nf5 32. Bxf5 gxf5 33. Rb2 Rcd7 34. Rd3 Rxd3 35. cxd3 Rc7 36. Kd2 Kf8 37. Rc2 Rxc2+ 38. Kxc2 Ke7 39. Kb3 Kd7 40. Kc4 Kc6 41. d4 Kb6 42. Kb3 Kb7 43. Kc2 Kc6 44.
Kd2 Kd5 45. Kd3 b3 46. Kc3 b2 47. Kxb2 Kxd4 48. Kb3 Kd3 49. Kb2 Ke3 50. Kc3 Kf3 51. Kc4 Kxg3 52. Kb5 Kxh4 53. Kxa5 Kg3 54. Kb6 h4 0-1

[Event "Late-Titled-Tuesday-Blitz-October-10-2023"]
[Site "Chess.com"]
[Date "2023.10.10"]
[Round "4"]
[White "ContrVersia"]
[Black "mac0504"]
[Result "1-0"]
[WhiteElo "2898"]
[BlackElo "2569"]
[TimeControl "180+1"]
[EndTime "14:35:15 PDT"]
[Termination "ContrVersia won by resignation"]

1. Nf3 Nf6 2. c4 b6 3. g3 Bb7 4. Bg2 g6 5. O-O Bg7 6. d4 O-O 7. d5 e6 8. Nc3 Na6 9. e4 exd5 10.
cxd5 Re8 11. Re1 d6 12. Bf4 Nc5 13. Qc2 a5 14. Rad1 Ng4 15. h3 Ne5 16. Nd4 h5 17.
Bc1 Ba6 18. Bf1 Bxf1 19. Kxf1 Qd7 20. Kg2 h4 21. f4 Ned3 22. Rxd3 Nxd3 23. Qxd3 hxg3 24.
Nc6 Kh7 25. Qxg3 Rh8 26. Be3 Rae8 27. Bd4 Bxd4 28. Nxd4 Kg8 29. e5 dxe5 30. fxe5 c5 31. Nf3 Rh5 32. Ne4 Qxd5 33. Nf6+ 1-0

[Event "Late-Titled-Tuesday-Blitz-October-10-2023"]
[Site "Chess.com"]
[Date "2023.10.10"]
[Round "4"]
[White "SpeedofLight0"]
[Black "Binary010"]
[Result "1-0"]
[WhiteElo "3020"]
[BlackElo "2835"]
[TimeControl "180+1"]
[EndTime "14:35:15 PDT"]
[Termination "SpeedofLight0 won by resignation"]

1. c4 c5 2. g3 g6 3. Bg2 Bg7 4. Nc3 Nc6 5. d3 d6 6. Qd2 Nf6 7. b3 O-O 8. Bb2 a6 9. e3 Rb8 10. Nge2 Bd7 11. O-O b5 12. Nd5 e6 13. Nxf6+ Bxf6 14. cxb5 axb5 15. d4 cxd4 16. Nxd4 Nxd4 17. Bxd4 d5 18.
a4 bxa4 19. bxa4 Bxd4 20. Qxd4 Qa5 21. e4 Rb4 22. Qe5 Rxa4 23. exd5 Rxa1 24. Rxa1 Qc5 25. h4 h5 26. Ra6 Re8 27. Qg5 exd5 28. Bxd5 Kg7 29. Qf6+ Kh6 30. Qxf7 Re1+ 31. Kg2 Bh3+ 32. Kxh3 Qc8+ 33. Kg2 1-0

[Event "Late-Titled-Tuesday-Blitz-October-10-2023"]
[Site "Chess.com"]
[Date "2023.10.10"]
[Round "4"]
[White "ExchangeAB"]
[Black "pirulillo"]
[Result "0-1"]
[WhiteElo "2489"]
[BlackElo "2335"]
[TimeControl "180+1"]
[EndTime "14:35:15 PDT"]
[Termination "pirulillo won by checkmate"]

1. d4 Nf6 2. Nc3 d5 3. Bf4 Bf5 4. e3 c6 5. Bd3 Bg6 6. Nf3 e6 7. Ne5 Nbd7 8. Nxg6 hxg6 9. h3 Bb4 10. O-O Qe7 11. Nb1 e5 12. Bh2 e4 13. Be2 Bd6 14. Bxd6 Qxd6 15. c4 g5 16. cxd5 cxd5 17. Nc3 a6 18. Bg4 Nxg4 19. Qxg4 Nf6 20. Qxg5 Rh5 21.
Qg3 Qd7 22. Qxg7 Ke7 23. Qg3 Rg8 24. Qh2 Rxh3 25. Qe5+ Kf8 26. Rfc1 Qg4 27. Qb8+ Ne8 28. Kf1 Rh1# 0-1

[Event "Late-Titled-Tuesday-Blitz-October-10-2023"]
[Site "Chess.com"]
[Date "2023.10.10"]
[Round "4"]
[White "FERNANDEZL1983"]
[Black "egnfanclub"]
[Result "1-0"]
[WhiteElo "2542"]
[BlackElo "2366"]
[TimeControl "180+1"]
[EndTime "14:35:20 PDT"]
[Termination "FERNANDEZL1983 won by resignation"]

1. d4 d5 2. Bf4 Nf6 3. Nf3 Bf5 4.
e3 e6 5. Nbd2 Bd6 6. Ne5 Nfd7 7.
g4 Be4 8. Nxe4 dxe4 9. Bg3 f6 10. Nc4 Bxg3 11. hxg3 Qe7 12. Bg2 f5 13. gxf5 exf5 14. Qd2 Nc6 15. O-O-O b5 16. Na5 Nxa5 17. Qxa5 c6 18. d5 cxd5 19. Rxd5 O-O 20. Qc7 Rf7 21. Rhd1 Nb6 22. Rd8+ 1-0

[Event "Late-Titled-Tuesday-Blitz-October-10-2023"]
[Site "Chess.com"]
[Date "2023.10.10"]
[Round "4"]
[White "emeli_chess"]
[Black "aNaartjieZA"]
[Result "0-1"]
[WhiteElo "2393"]
[BlackElo "2550"]
[TimeControl "180+1"]
[EndTime "14:35:20 PDT"]
[Termination "aNaartjieZA won on time"]

1. d4 Nf6 2. c4 c5 3. d5 e5 4. Nc3 d6 5. e4 Nbd7 6. Nf3 Be7 7. Bd3 Nf8 8. h3 Ng6 9. g4 h6 10. Be3 Nh7 11. Qd2 Ng5 12. Be2 Nxf3+ 13. Bxf3 Bg5 14. O-O-O a6 15. Kb1 Rb8 16. Be2 Bd7 17.
Bd3 b5 18. Ne2 Qb6 19. Ng3 Nf4 20. Bxf4 exf4 21. Nf5 Bxf5 22. gxf5 Bf6 23. cxb5 axb5 24. Qxf4 c4 25. Bc2 Ra8 26. Qe3 Qa5 27. a3 b4 28. f4 Bxb2 29. a4 Bc3 30. e5 dxe5 31. fxe5 b3 32. e6 O-O 33. f6 Bxf6 0-1

[Event "Late-Titled-Tuesday-Blitz-October-10-2023"]
[Site "Chess.com"]
[Date "2023.10.10"]
[Round "4"]
[White "hansen"]
[Black "TanitoluwaAps116"]
[Result "1-0"]
[WhiteElo "2927"]
[BlackElo "2698"]
[TimeControl "180+1"]
[EndTime "14:35:27 PDT"]
[Termination "hansen won by resignation"]

1. a3 g6 2. d4 Bg7 3. Nf3 c6 4.
e4 d5 5. Nbd2 Bg4 6. e5 Nd7 7.
h3 Bxf3 8. Nxf3 f6 9. exf6 exf6 10. c4 f5 11. cxd5 cxd5 12. Bd3 Ngf6 13. O-O O-O 14. Bf4 Qb6 15. Qa4 Rfd8 16. b4 Ne4 17.
Rac1 Qe6 18. Rc7 Nb6 19. Qb5 a6 20. Qa5 Rd7 21. Rfc1 Nc4 22. R7xc4 b6 23. Rc8+ Rd8 24. Rxd8+ 1-0

[Event "Late-Titled-Tuesday-Blitz-October-10-2023"]
[Site "Chess.com"]
[Date "2023.10.10"]
[Round "4"]
[White "borocotoajua"]
[Black "AsadliVugar"]
[Result "0-1"]
[WhiteElo "2564"]
[BlackElo "2864"]
[TimeControl "180+1"]
[EndTime "14:35:27 PDT"]
[Termination "AsadliVugar won by resignation"]

1. d4 Nf6 2. Nf3 g6 3. c4 Bg7 4. g3 O-O 5. Bg2 Nc6 6. O-O d5 7. cxd5 Nxd5 8. e4 Nb6 9. d5 Na5 10. Nc3 c6 11. Bg5 h6 12. Be3 Nac4 13. Bc1 cxd5 14. exd5 Bf5 15. Nd4 Bd7 16. Re1 Rc8 17.
Nb3 Re8 18. h4 h5 19. Ne4 Bg4 20. Bf3 Ne5 21. Bxg4 hxg4 22. Ng5 Qxd5 23. Bf4 Nf3+ 24. Nxf3 gxf3 25. Be3 Qf5 26. Bxb6 axb6 27. Re3 Red8 28. Qxf3 Qxf3 29. Rxf3 Bxb2 30. Re1 e6 31. Re2 Bg7 32. Kg2 Rd5 33. Re4 b5 34. g4 Rc4 35.
Rff4 Rc2 36. a4 Rb2 37. Na5 bxa4 38. Rxa4 Bf8 39. Nc4 Re2 40. Ne3 Rdd2 41. Ra8 Rxe3 0-1

[Event "Late-Titled-Tuesday-Blitz-October-10-2023"]
[Site "Chess.com"]
[Date "2023.10.10"]
[Round "4"]
[White "Battever"]
[Black "cassoulet"]
[Result "0-1"]
[WhiteElo "2516"]
[BlackElo "2755"]
[TimeControl "180+1"]
[EndTime "14:35:28 PDT"]
[Termination "cassoulet won by resignation"]

1. Nf3 Nf6 2. g3 g6 3. b3 Bg7 4.
Bb2 O-O 5. Bg2 d6 6. d4 Nbd7 7. O-O a6 8. Re1 c5 9. d5 b5 10.
e4 Bb7 11. c4 bxc4 12. bxc4 a5 13. Nc3 Ba6 14. Nb5 Nb6 15. e5 Nxc4 16. exf6 Nxb2 17. fxg7 Nxd1 18.
gxf8=Q+ Kxf8 19. a4 Nb2 20. Ng5 h6 21. Ne4 Nd3 22. Re3 Ne5 23. Rae1 Bxb5 24. axb5 Rb8 25. Nc3 Rb7 26. f4 Ng4 27. R3e2 c4 28. h3 Qb6+ 29. Kh1 Nf2+ 30. Kh2 Nd3 31. Rd1 h5 32. Be4 Nf2 33. Rde1 Nxe4 34. Rxe4 Qf2+ 35. Kh1 Qf3+ 36. Kh2 Qxc3 37.
R4e3 Qb2+ 38. R3e2 Qxb5 0-1

[Event "Late-Titled-Tuesday-Blitz-October-10-2023"]
[Site "Chess.com"]
[Date "2023.10.10"]
[Round "4"]
[White "martinez_95"]
[Black "Giorno"]
[Result "0-1"]
[WhiteElo "2222"]
[BlackElo "2523"]
[TimeControl "180+1"]
[EndTime "14:35:28 PDT"]
[Termination "Giorno won by resignation"]

1. d4 e6 2. c4 Bb4+ 3. Nc3 d5 4. cxd5 exd5 5. Nf3 Ne7 6. e3 O-O 7. Bd3 Bxc3+ 8. bxc3 Nd7 9. c4 dxc4 10. Bxc4 c5 11. O-O Nb6 12. Be2 cxd4 13. Qxd4 Nc6 14. Qc3 Nd5 15. Qc5 Nf6 16. Bb2 Qb6 17. Qc3 Bg4 18.
Rab1 Rfc8 19. Ba1 Qc7 20. Rfc1 a6 21. Nd4 Nxd4 22. Qxc7 Nxe2+ 23. Kf1 Nxc1 24. Qf4 Be2+ 25. Kg1 Bd3 0-1

[Event "Late-Titled-Tuesday-Blitz-October-10-2023"]
[Site "Chess.com"]
[Date "2023.10.10"]
[Round "4"]
[White "AlivodicDario"]
[Black "pinguino120"]
[Result "1-0"]
[WhiteElo "2465"]
[BlackElo "2224"]
[TimeControl "180+1"]
[EndTime "14:35:29 PDT"]
[Termination "AlivodicDario won by resignation"]

1. d4 d5 2. c4 e6 3. Nc3 c6 4. Nf3 Nf6 5. Bg5 dxc4 6. e4 b5 7. e5 h6 8. Bh4 g5 9. Nxg5 hxg5 10. Bxg5 Nbd7 11. g3 Qa5 12. exf6 Ba6 13. Bg2 b4 14. Ne4 c3 15. b3 O-O-O 16. Qf3 c5 17.
Nxc3 bxc3 18. Qc6+ Kb8 19. Qa8+ Kc7 20. Qxa7+ Kc8 21.
Bb7+ Kc7 22. Bxa6+ Kd6 23. Bf4+ e5 24. dxe5+ Nxe5 25. O-O-O+ Ke6 26. Bc8+ Kxf6 27. Qxa5 1-0

[Event "Late-Titled-Tuesday-Blitz-October-10-2023"]
[Site "Chess.com"]
[Date "2023.10.10"]
[Round "4"]
[White "Javylavilla"]
[Black "cande_francisco"]
[Result "0-1"]
[WhiteElo "2362"]
[BlackElo "2542"]
[TimeControl "180+1"]
[EndTime "14:35:30 PDT"]
[Termination "cande_francisco won by checkmate"]

1. e4 c5 2. Nf3 g6 3. d4 cxd4 4. Qxd4 Nf6 5. e5 Nc6 6. Qa4 Nd5 7. Qe4 Ndb4 8. Bb5 Bg7 9. a3 Na6 10. Bf4 Nc7 11. Ba4 O-O 12. O-O b5 13. Bb3 Bb7 14. Qe2 a5 15. Nc3 Ba6 16. Qd2 Ne6 17. Bg3 b4 18. Ne2 Nc5 19. Bd5 e6 20. Ba2 Ne4 21.
Qe3 Nxg3 22. hxg3 Qc7 23. Rfd1 Nxe5 24. Nxe5 Bxe5 25. Nd4 d5 26. axb4 axb4 27. Bb3 Bg7 28. Nxe6 fxe6 29. Qxe6+ Kh8 30. Rxa6 Rae8 31. Qxd5 Bxb2 32.
Rd6 Be5 33. Rd7 Qb6 34. Rd2 Bxg3 35. Rb7 Re1# 0-1

[Event "Late-Titled-Tuesday-Blitz-October-10-2023"]
[Site "Chess.com"]
[Date "2023.10.10"]
[Round "4"]
[White "ItalianMachine"]
[Black "elcala"]
[Result "1-0"]
[WhiteElo "2414"]
[BlackElo "1748"]
[TimeControl "180+1"]
[EndTime "14:35:30 PDT"]
[Termination "ItalianMachine won by resignation"]

1. e4 d5 2. exd5 Qxd5 3. Nc3 Qd6 4. d4 Nf6 5. Nf3 Bg4 6. Bc4 e6 7. h3 Bh5 8. g4 Bg6 9. Qe2 Nc6 10. Nb5 Qd7 11.
Bf4 Rc8 12. Ne5 Nxe5 13. dxe5 Nd5 14. Bg3 a6 15. Nd4 Bc5 16. Nb3 Bb6 17. O-O-O O-O 18. f4 Qa4 19. Bxd5 exd5 20. f5 c5 21. fxg6 Qxa2 22.
gxh7+ Kh8 23. Nd2 c4 24. c3 Ba5 25. Nb1 b5 26. Rxd5 b4 27. Qc2 b3 28. Qf5 Bxc3 29. Nxc3 Qa1+ 30. Qb1 Qxb1+ 31. Kxb1 Kxh7 32. Rf1 Rfe8 33.
Rxf7 1-0

[Event "Late-Titled-Tuesday-Blitz-October-10-2023"]
[Site "Chess.com"]
[Date "2023.10.10"]
[Round "4"]
[White "rasmussvane"]
[Black "mbojan"]
[Result "1-0"]
[WhiteElo "3006"]
[BlackElo "2780"]
[TimeControl "180+1"]
[EndTime "14:35:32 PDT"]
[Termination "rasmussvane won on time"]

1. Nf3 g6 2. e4 Bg7 3. d4 d6 4. Bd3 Nc6 5. d5 Nb8 6. h3 Nf6 7. O-O O-O 8. Re1 c6 9. c4 Nbd7 10. Nc3 Nh5 11. Bg5 Ne5 12. Nxe5 Bxe5 13. Qd2 Qa5 14.
Bxe7 Re8 15. Bg5 f6 16. Be3 Bxc3 17. bxc3 c5 18. f4 Bd7 19. Bf2 Ng7 20. Bh4 Rf8 21.
e5 fxe5 22. fxe5 dxe5 23. Rxe5 Nf5 24. Bxf5 Bxf5 25. Re7 Rae8 26. Rae1 Rxe7 27. Rxe7 Rf7 28. d6 Qa4 29. Qd5 1-0

[Event "Late-Titled-Tuesday-Blitz-October-10-2023"]
[Site "Chess.com"]
[Date "2023.10.10"]
[Round "4"]
[White "cthulhuuu"]
[Black "WDCH"]
[Result "0-1"]
[WhiteElo "2465"]
[BlackElo "2725"]
[TimeControl "180+1"]
[EndTime "14:35:37 PDT"]
[Termination "WDCH won by resignation"]

1. e4 c5 2. Nf3 d6 3. g3 Nc6 4. Bg2 Nf6 5. d3 g6 6. O-O Bg7 7. Re1 O-O 8. e5 Ne8 9. exd6 Nxd6 10.
Nc3 Nf5 11. Ne4 b6 12. h4 Bb7 13. h5 Qd7 14. c3 Rad8 15. g4 Nd6 16. h6 Bh8 17.
Nfg5 Nxe4 18. Bxe4 Ne5 19. f3 Bxe4 20. Rxe4 Qxd3 21.
Qxd3 Rxd3 22. Kg2 Bf6 23. Bf4 Nc6 24. Nh3 Rfd8 25. g5 Bh8 26. Nf2 R3d5 27. Rae1 e6 28.
Ng4 Kf8 29. Kg3 Ke7 30. b3 Bxc3 31. R1e2 a5 32. Ne5 Nxe5 33. Bxe5 Bxe5+ 34. Rxe5 Rxe5 35. Rxe5 Rd5 36. Re2 Rxg5+ 0-1

[Event "Late-Titled-Tuesday-Blitz-October-10-2023"]
[Site "Chess.com"]
[Date "2023.10.10"]
[Round "4"]
[White "midedu"]
[Black "Dontmesswithme_2"]
[Result "0-1"]
[WhiteElo "2067"]
[BlackElo "2421"]
[TimeControl "180+1"]
[EndTime "14:35:40 PDT"]
[Termination "Dontmesswithme_2 won by resignation"]

1. e4 c5 2. Nc3 d6 3. g3 Nc6 4. Bg2 g6 5. Nge2 Bg7 6. O-O e6 7. h3 Nge7 8. d3 O-O 9. Be3 Nd4 10. Qd2 Rb8 11. f4 b5 12. Nd1 b4 13. g4 f5 14. Ng3 Ba6 15. c3 Nb5 16. gxf5 exf5 17. exf5 Nxf5 18. Nxf5 Rxf5 19. Be4 Rh5 20. cxb4 Rxh3 21.
bxc5 dxc5 22. Bxc5 Nd4 23. Rc1 Qh4 24. Rf2 Bb7 25.
Qb4 Rh1+ 0-1

[Event "Late-Titled-Tuesday-Blitz-October-10-2023"]
[Site "Chess.com"]
[Date "2023.10.10"]
[Round "4"]
[White "temus_galaktionov"]
[Black "Joshukid"]
[Result "1-0"]
[WhiteElo "2883"]
[BlackElo "2565"]
[TimeControl "180+1"]
[EndTime "14:35:41 PDT"]
[Termination "temus_galaktionov won by checkmate"]

1. d4 d5 2. Nf3 Nf6 3. c4 e6 4.
Nc3 a6 5. cxd5 exd5 6. Bg5 Be6 7. e3 Nbd7 8. Bd3 Bd6 9. h3 c6 10. O-O h6 11. Bf4 Qb8 12. Qd2 O-O 13. Rfc1 Nh5 14.
Bxd6 Qxd6 15. Na4 Nhf6 16. Qc2 Rfc8 17. b4 b6 18. a3 a5 19. Qb2 axb4 20. axb4 Ne4 21.
Ne5 Nef6 22. Ra3 b5 23. Nc5 Nb6 24. Rca1 Rxa3 25. Rxa3 Nc4 26. Bxc4 dxc4 27. Ra7 Nd5 28. h4 c3 29. Qb3 Nxe3 30. Nxe6 c2 31. Qxe3 Qxb4 32.
Rxf7 Qb1+ 33. Kh2 c1=Q 34. Rxg7+ Kh8 35. Nf7# 1-0

[Event "Late-Titled-Tuesday-Blitz-October-10-2023"]
[Site "Chess.com"]
[Date "2023.10.10"]
[Round "4"]
[White "Qvalda"]
[Black "Rutricks"]
[Result "0-1"]
[WhiteElo "2393"]
[BlackElo "2669"]
[TimeControl "180+1"]
[EndTime "14:35:43 PDT"]
[Termination "Rutricks won by resignation"]

1. Nf3 g6 2. e4 Bg7 3. d4 c6 4. Nc3 d5 5. h3 dxe4 6. Nxe4 Nf6 7. Nxf6+ exf6 8. Bd3 O-O 9. Be3 a5 10. O-O Na6 11.
a3 Nc7 12. c4 Re8 13. Qc2 Be6 14. Rfd1 Qd7 15. Bf1 Bf5 16. Qc3 a4 17. d5 cxd5 18. cxd5 Be4 19. d6 Nd5 20. Qc5 Nxe3 21. Qxe3 Bc2 22.
Qb6 Bxd1 23. Rxd1 Red8 24. Bb5 Qe6 25. Qxb7 Rab8 26. Qc7 Qb3 27. Bc4 Qxd1+ 28. Kh2 Qxd6+ 0-1

[Event "Late-Titled-Tuesday-Blitz-October-10-2023"]
[Site "Chess.com"]
[Date "2023.10.10"]
[Round "4"]
[White "falzehope0"]
[Black "WindWhistler11"]
[Result "1-0"]
[WhiteElo "2359"]
[BlackElo "2494"]
[TimeControl "180+1"]
[EndTime "14:35:51 PDT"]
[Termination "falzehope0 won by resignation"]

1. d4 Nf6 2. e3 e6 3. Bd3 c5 4. f4 b6 5. Nf3 Bb7 6. O-O d6 7.
c3 Nbd7 8. Nbd2 Be7 9. e4 a6 10. e5 Nd5 11. Ne4 Qc7 12. a3 f5 13. exf6 gxf6 14.
Qe2 O-O-O 15. Bxa6 Nf8 16. a4 Ng6 17. g3 Rhg8 18. Kh1 h5 19. a5 Bxa6 20. Qxa6+ Qb7 21. axb6 Qxa6 22. Rxa6 Kb7 23. Ra1 Kxb6 24. dxc5+ dxc5 25. Nfd2 h4 26. Nc4+ Kb7 27. Be3 hxg3 28. hxg3 f5 29. Nxc5+ Bxc5 30. Bxc5 Ngxf4 31. gxf4 Rg4 32. Rf2 Rdg8 33.
Ne5 Rxf4 34. Rxf4 Nxf4 35. Ra7+ Kb8 36. Nc6+ Kc8 37. Ra8+ Kb7 38. Rxg8 Kxc6 39. Bd4 Nd3 40. b4 e5 41. Bxe5 Nxe5 42. Rc8+ Kb5 43. Rc5+ Ka4 44. Rxe5 1-0

[Event "Late-Titled-Tuesday-Blitz-October-10-2023"]
[Site "Chess.com"]
[Date "2023.10.10"]
[Round "4"]
[White "hellokostya"]
[Black "Nick12772"]
[Result "1-0"]
[WhiteElo "2631"]
[BlackElo "2406"]
[TimeControl "180+1"]
[EndTime "14:35:52 PDT"]
[Termination "hellokostya won by resignation"]

1. Nf3 Nf6 2. c4 c6 3. e3 d5 4. Nc3 g6 5. d4 Bg7 6. Be2 O-O 7. O-O Re8 8. Bd2 Bg4 9. Qb3 b6 10. h3 Bxf3 11. Bxf3 e6 12. a4 Nbd7 13. a5 bxa5 14.
Qa4 Nb6 15. Qxc6 Nxc4 16. Bc1 Bf8 17. b3 Bb4 18. Na2 Nd6 19. Nxb4 axb4 20. Bd2 a5 21. Rfc1 Nde4 22. Be1 Rc8 23. Qb5 Ra8 24. Be2 Nd6 25.
Qa4 Nfe4 26. f3 Nf6 27. Bg3 Nf5 28. Bf2 Qd7 29. Rc5 Qxa4 30. Rxa4 Nd7 31. Rcxa5 Rxa5 32. Rxa5 Rb8 33. e4 dxe4 34. fxe4 Nd6 35. Bg3 Rb6 36. Ra7 Nf6 37. Bxd6 Rxd6 38. e5 Rxd4 39. exf6 Rd8 40. Rb7 1-0

[Event "Late-Titled-Tuesday-Blitz-October-10-2023"]
[Site "Chess.com"]
[Date "2023.10.10"]
[Round "4"]
[White "McCarthyStone"]
[Black "blueryder"]
[Result "1-0"]
[WhiteElo "2426"]
[BlackElo "2173"]
[TimeControl "180+1"]
[EndTime "14:35:56 PDT"]
[Termination "McCarthyStone won by checkmate"]

1. Nf3 Nf6 2. b3 d5 3. e3 c5 4.
Bb2 Nc6 5. Bb5 Bd7 6. O-O a6 7. Bxc6 Bxc6 8. Ne5 Rc8 9. d3 e6 10. Nd2 Bd6 11. f4 O-O 12. Qe1 b5 13. Qg3 c4 14.
Ndf3 Bb7 15. dxc4 bxc4 16. Nd7 c3 17. Nxf6+ Qxf6 18. Bc1 Bc5 19. Re1 d4 20. exd4 Bxf3 21. Qxf3 Bxd4+ 22. Be3 Rfd8 23. Rad1 Bxe3+ 24. Qxe3 h6 25. h3 Kh7 26. Rd3 Rxd3 27. Qxd3+ Qg6 28. Qxg6+ Kxg6 29. Re3 h5 30. g3 Kf5 31. Re5+ Kg6 32. Re3 Kf5 33. Kf2 f6 34. Kf3 g5 35. g4+ hxg4+ 36.
hxg4+ Kg6 37. Rxe6 gxf4 38. Kxf4 Rd8 39. Rc6 Rd4+ 40.
Kf3 Kg5 41. Rc5+ Kh4 42. Rh5# 1-0

[Event "Late-Titled-Tuesday-Blitz-October-10-2023"]
[Site "Chess.com"]
[Date "2023.10.10"]
[Round "4"]
[White "FM_Kappeler"]
[Black "Lion-Al-Messi"]
[Result "1-0"]
[WhiteElo "2335"]
[BlackElo "2626"]
[TimeControl "180+1"]
[EndTime "14:35:57 PDT"]
[Termination "FM_Kappeler won by resignation"]

1. d4 d5 2. c4 c6 3. Nf3 Nf6 4. e3 e6 5. b3 Nbd7 6. Bb2 Bb4+ 7. Nbd2 Ne4 8. Bd3 f5 9. O-O O-O 10. a4 g5 11. Ba3 Qe7 12. Bxb4 Qxb4 13. Bxe4 dxe4 14.
Nxg5 Nf6 15. f3 h6 16. Nh3 Bd7 17. fxe4 fxe4 18. Nf4 Rf7 19. Ng6 Be8 20. Ne5 Rf8 21.
Rf4 Bh5 22. Qc2 c5 23. Raf1 Kg7 24. Nxe4 Nxe4 25. Qxe4 Qd2 26. Nd7 Rf5 27. Rxf5 exf5 28. Qe5+ Kg8 29. Nf6+ 1-0

[Event "Late-Titled-Tuesday-Blitz-October-10-2023"]
[Site "Chess.com"]
[Date "2023.10.10"]
[Round "4"]
[White "ritanovikova"]
[Black "GAO"]
[Result "0-1"]
[WhiteElo "2102"]
[BlackElo "2351"]
[TimeControl "180+1"]
[EndTime "14:35:57 PDT"]
[Termination "GAO won by resignation"]

1. e4 c5 2. Nc3 Nc6 3. d3 g6 4.
Be3 Bg7 5. Bxc5 Qa5 6. Be3 Bxc3+ 7. bxc3 Qxc3+ 8. Bd2 Qg7 9. Nf3 Nf6 10. Be2 O-O 11.
Bc3 d6 12. O-O Bg4 13. Nd4 Bxe2 14. Qxe2 Rac8 15. Nxc6 Rxc6 16. Bd4 Rfc8 17. c4 e5 18. Bxa7 b6 19. Qe3 Nd7 20. Rfb1 f5 21. Bxb6 f4 22. Qh3 Rxb6 23. Rxb6 Nxb6 24. a4 Qd7 25.
Qxd7 Nxd7 26. a5 Ra8 27. g3 g5 28. h4 h6 29. hxg5 hxg5 30. gxf4 gxf4 31. Kf1 Nc5 32. Ke2 Nb3 33. Rg1+ Kf7 34. Rh1 Rxa5 35. Rh6 Nd4+ 36. Kd2 Ra2+ 37. Ke1 Ke7 38. Rh7+ Ke6 39. Rh6+ Kd7 40.
Rh7+ Kc6 41. Rh8 Ra1+ 42. Kd2 Rf1 43. Rh2 Nf3+ 44. Ke2 Nxh2 0-1